 Dungeon Crawl Stone Soup version 0.25-a0-306-g3faca94807 (webtiles) character file.

Game seed: 2207123577941838494, levelgen mode: deterministic

97659 MordorOrchid the Protected (level 16, -1/112 HPs)
             Began as a Gnoll Wanderer on Dec 21, 2019.
             Was a High Priest of Sif Muna.
             Drowned by a water elemental (6 damage)
             ... on level 3 of the Shoals on Dec 24, 2019.
             The game lasted 03:09:54 (19895 turns).

MordorOrchid the Protected (Gnoll Wanderer)        Turns: 19895, Time: 03:09:55

Health: -1/112     AC: 20    Str: 17    XL:     16   Next: 20%
Magic:  7/42       EV: 19    Int: 19    God:    Sif Muna [*****.]
Gold:   268        SH:  0    Dex: 15    Spells: 2/35 levels left

rFire    + . .     SeeInvis +   a - +9 mace "Cuptol" {drain, MP+9 SInv}
rCold    . . .     Gourm    .   (no shield)
rNeg     . . .     Faith    .   B - quicksilver dragon scales (curse)
rPois    .         Spirit   .   t - +0 helmet
rElec    .         Reflect  .   V - scarf {repulsion}
rCorr    .         Harm     .   N - +2 pair of gloves {archery}
MR       +++..                  r - +0 pair of boots {Fly}
Stlth    ++++......             w - amulet of magic regeneration
HPRegen  0.28/turn              M - ring of protection from magic
MPRegen  0.53/turn              R - +4 ring of slaying

@: engulfed (cannot breathe), flying, repel missiles
A: distributed training, fangs 1, fire resistance 1, frail 1, high mp 1, sturdy
frame 1, strong nose
a: Channel Magic, Forget Spell, Divine Exegesis, Renounce Religion, Stop Flying


You were on level 3 of the Shoals.
You worshipped Sif Muna.
Sif Muna was extremely pleased with you.
You were not hungry.

You visited 5 branches of the dungeon, and saw 26 of its levels.
You also visited: Ossuary.

You collected 2144 gold pieces.
You spent 1876 gold pieces at shops.

Inventory:

Hand Weapons
 a - the +9 mace "Cuptol" (weapon) {drain, MP+9 SInv}
   (You found it on level 4 of the Dungeon)

   A truly terrible weapon, it drains the life of those it strikes.
   It affects your magic capacity (+9).
   It lets you see invisible.
 j - a +5 shortbow of freezing
 y - a +5 short sword of freezing
Missiles
 c - 304 arrows
 Q - 2 throwing nets
 X - 31 boomerangs
 Z - 6 curare-tipped darts (quivered)
Armour
 r - a +0 pair of boots of flying (worn)
 t - a +0 helmet (worn)
 B - cursed quicksilver dragon scales (worn)
 N - a +2 pair of gloves of archery (worn)
 S - a +5 shield of protection
 V - a scarf of repulsion (worn)
Jewellery
 k - an uncursed ring of protection from cold
 m - an uncursed ring of poison resistance
 w - an amulet of magic regeneration (around neck)
 M - a ring of protection from magic (left hand)
 R - a +4 ring of slaying (right hand)
Wands
 s - a wand of iceblast (5)
 G - a wand of enslavement (7)
 J - a wand of digging (3)
 K - a wand of disintegration (1)
 P - a wand of flame (32)
 W - a wand of paralysis (16)
Scrolls
 d - 16 scrolls of teleportation
 e - 3 scrolls of immolation
 h - a scroll of enchant armour
 i - 5 scrolls of remove curse
 l - 3 scrolls of acquirement
 q - a scroll of fear
 u - 4 scrolls of magic mapping
 A - a scroll of blinking
 D - 3 scrolls of fog
Potions
 g - 9 potions of curing
 n - a potion of mutation
 o - a potion of magic
 v - 2 potions of might
 x - a potion of haste
 C - 5 potions of heal wounds
 I - 4 potions of agility
 O - a potion of lignification
 Y - 2 potions of invisibility
Miscellaneous
 T - a box of beasts
Comestibles
 b - 2 chunks of flesh
 f - 31 rations


   Skills:
 + Level 11.3 Fighting
 + Level 10.4 Short Blades
 + Level 10.4 Long Blades
 + Level 10.4 Axes
 + Level 10.4 Maces & Flails
 + Level 10.4 Polearms
 + Level 10.4 Staves
 + Level 10.4 Slings
 + Level 11.3 Bows
 + Level 10.4 Crossbows
 + Level 10.4 Throwing
 + Level 11.3 Armour
 + Level 10.8 Dodging
 + Level 11.2 Stealth
 + Level 10.4 Shields
 + Level 10.4 Unarmed Combat
 + Level 10.4 Spellcasting
 + Level 8.9 Conjurations
 + Level 8.9 Hexes
 + Level 8.9 Charms
 + Level 8.9 Summonings
 + Level 8.9 Necromancy
 + Level 8.9 Translocations
 + Level 8.9 Transmutations
 + Level 8.9 Fire Magic
 + Level 8.9 Ice Magic
 + Level 8.9 Air Magic
 + Level 8.9 Earth Magic
 + Level 8.9 Poison Magic
 + Level 11.3 Invocations
 + Level 10.8 Evocations


You had 2 spell levels left.
You knew the following spells:

 Your Spells              Type           Power        Failure   Level  Hunger
a - Foxfire               Conj/Fire      ####         1%          1    None
b - Petrify               Tmut/Erth      #####...     2%          4    ##.....
c - Conjure Flame         Conj/Fire      #####...     1%          3    None
d - Inner Flame           Hex/Fire       #####...     1%          3    None
e - Sticky Flame          Conj/Fire      #####...     2%          4    ##.....
f - Fireball              Conj/Fire      #####.....   6%          5    #####..
g - Mephitic Cloud        Conj/Pois/Air  #####...     1%          3    None
h - Blink                 Tloc           N/A          1%          2    None
j - Summon Lightning Spi  Summ/Air       #####...     2%          4    ##.....
A - Confusing Touch       Hex            #####.       1%          1    None
D - Tukima's Dance        Hex            #####...     1%          3    None

Your spell library contained the following spells:

 Spells                   Type           Power        Failure   Level  Hunger
 Beastly Appendage        Tmut           #####.       1%          1    None
 Corona                   Hex            #####..      1%          1    None
 Freeze                   Ice            ####         1%          1    None
 Magic Dart               Conj           ####         1%          1    None
 Summon Butterflies       Summ           #####...     1%          1    None
 Summon Small Mammal      Summ           ####         1%          1    None
 Call Imp                 Summ           #####...     1%          2    None
 Ensorcelled Hibernation  Hex/Ice        #####.       1%          2    None
 Swiftness                Chrm/Air       #####...     1%          2    None
 Call Canine Familiar     Summ           #####...     1%          3    None
 Confuse                  Hex            #####...     1%          3    None
 Dazzling Flash           Conj/Hex       #####.       1%          3    None
 Gell's Gravitas          Tloc           #####.....   1%          3    None
 Ozocubu's Armour         Chrm/Ice       #####...     1%          3    None
 Portal Projectile        Hex/Tloc       #####.       1%          3    None
 Recall                   Summ/Tloc      N/A          1%          3    None
 Stone Arrow              Conj/Erth      #####.       1%          3    None
 Summon Guardian Golem    Hex/Summ       #####...     1%          3    None
 Fulminant Prism          Conj/Hex       #####.....   2%          4    ##.....
 Hailstorm                Conj/Ice       #####...     2%          4    ##.....
 Leda's Liquefaction      Hex/Erth       #####.....   2%          4    ##.....
 Passage of Golubria      Tloc           N/A          2%          4    ##.....
 Summon Ice Beast         Ice/Summ       #####...     2%          4    ##.....
 Agony                    Necr           #####...     6%          5    #####..
 Bolt of Magma            Conj/Fire/Erth #####.....   6%          5    #####..
 Iskenderun's Battlesphe  Conj/Chrm      #####...     6%          5    #####..
 Metabolic Englaciation   Hex/Ice        #####.....   6%          5    #####..
 Summon Demon             Summ           #####.....   6%          5    #####..
 Yara's Violent Unravell  Hex/Tmut       #####.....   6%          5    #####..
 Dispersal                Tloc           #####.....   34%         6    ######.
 Freezing Cloud           Conj/Ice/Air   #####.....   34%         6    ######.
 Hydra Form               Tmut           #####.....   34%         6    ######.
 Iron Shot                Conj/Erth      #####.....   34%         6    ######.
 Ozocubu's Refrigeration  Ice            #####.....   34%         6    ######.
 Shadow Creatures         Summ           N/A          34%         6    ######.
 Starburst                Conj/Fire      #####.....   34%         6    ######.
 Statue Form              Tmut/Erth      #####....    34%         6    ######.
 Monstrous Menagerie      Summ           #####.....   89%         7    #######
 Orb of Destruction       Conj           #####.....   89%         7    #######
 Spellforged Servitor     Conj/Summ      #####.....   89%         7    #######
 Disjunction              Tloc           #####.....   100%        8    #######
 Glaciate                 Conj/Ice       #####.....   100%        9    #######
 Shatter                  Erth           #####.....   100%        9    #######


Dungeon Overview and Level Annotations

Branches:
Dungeon (15/15)            Temple (1/1) D:5            Lair (5/6) D:10
 Shoals (3/4) Lair:2        Snake (0/4) Lair:4          Orc (2/2) D:9
    Elf (0/3) Orc:2        Vaults (0/5) D:13        Ossuary (visited)
  Slime: Lair:5-6    Depths: D:15

Altars:
Ashenzari
Cheibriados
Dithmenos
Fedhas
Gozag
Hepliaklqana
Kikubaaqudgha
Makhleb
Okawaru
Ru
Sif Muna
Uskayaw
Wu Jian
Yredelemnul

Shops:
D:5 *   D:9 }   D:10 :   D:13 [   D:14 }   Orc:2 **?[

Annotations:
D:5 1 runed translucent door, whodunnit's ghost, novice GrFi
D:14 2 transporters, iVAG's ghost, journeyman TeCj
D:15 Azrael


Innate Abilities, Weirdness & Mutations

Your experience applies equally to all skills.
You have very sharp teeth.
Your uncanny sense of smell can sniff out nearby items.
Your flesh is heat resistant. (rF+)
You are frail. (-10% HP)
You have an increased reservoir of magic. (+10% MP)
Your movements are slightly less encumbered by armour. (ER -2)


Message History

* * * LOW HITPOINT WARNING * * *
The water elemental engulfs you in water!
You sock the water elemental! Your punch misses the water elemental.
The water elemental is severely damaged.
* * * LOW HITPOINT WARNING * * *
Your lungs strain for air!
The water elemental barely misses you.
You hit the water elemental. Your bite misses the water elemental.
The water elemental is almost destroyed.
* * * LOW HITPOINT WARNING * * *
Your lungs strain for air!
You hit the water elemental.
The water elemental is almost destroyed.
* * * LOW HITPOINT WARNING * * *
Your lungs strain for air!
The water elemental closely misses you.
Unknown command.
You completely miss the water elemental.
The water elemental is almost destroyed.
You die...

≈≈≈≈≈≈≈≈≈≈≈≈≈≈≈≈
≈≈≈≈≈≈≈≈≈≈≈≈≈≈≈≈≈
≈≈≈≈≈≈≈≈≈≈≈≈≈≈≈≈≈
≈≈≈≈≈≈≈......≈.≈≈
≈≈≈≈≈≈≈...#.....≈
≈≈≈≈≈≈≈........≈≈
≈≈≈≈≈†.....≈≈%≈≈≈
≈≈≈≈≈≈..@E.≈..≈≈≈
≈≈≈≈≈≈≈..<.≈..≈≈≈
≈≈≈≈≈≈.))....%≈≈≈
≈≈≈≈%..........≈≈
≈≈≈≈≈........≈..≈
≈≈≈≈≈
≈≈%≈≈≈..........≈
≈≈≈≈≈
≈≈≈≈..≈≈≈........
≈≈≈≈≈
≈≈≈≈≈≈≈≈.........
≈≈≈≈≈
≈≈≈≈≈≈≈≈.>.......
≈≈≈≈≈


You could see a water elemental.

Vanquished Creatures
  Polyphemus (Shoals:2)
  Frances (Shoals:2)
  Kirke (Shoals:1)
  Ilsuiw (Shoals:2)
  The ghost of Dymesytif the Purifying Troll, a journeyman TrWz of Elyvilon (D:13)
  2 merfolk impalers (Shoals:2)
  An ice dragon (Lair:5)
  An ogre mage (D:13)
  A fire dragon (D:14)
  8 vault guards (D:13)
  8 hydras
  A merfolk avatar (Shoals:1)
  An alligator snapping turtle (Shoals:2)
  2 centaur warriors
  4 two-headed ogres
  A queen ant (D:10)
  8 death yaks
  2 tengu warriors
  4 orc high priests (Orc:2)
  Sonja (D:12)
  7 sea snakes
  4 unseen horrors
  An orc knight (Orc:2)
  An orc sorcerer (Orc:2)
  7 harpies
  5 ugly things
  6 cyclopes
  2 deep elf magi
  5 manticores
  3 merfolk sirens
  3 black mambas
  5 elephants (Lair:4)
  2 centaur zombies
  3 water nymphs
  9 spiny frogs
  2 gargoyles (D:13)
  A rime drake (Lair:3)
  4 centaur skeletons
  8 komodo dragons
  A harpy zombie (D:15)
  9 merfolk
  A polar bear (Lair:5)
  7 trolls
  2 hornets
  A wind drake (Shoals:1)
  11 blink frogs
  2 snapping turtles (Shoals:1)
  4 dream sheep (Shoals:2)
  7 hippogriffs
  2 vampires
  35 yaks
  A water elemental (Shoals:1)
  4 wyverns
  A basilisk (Lair:3)
  2 hogs (Shoals:1)
  A human (D:13)
  3 hungry ghosts
  3 vampire mosquitoes
  5 wargs (Orc:2)
  4 soldier ants (D:10)
  4 acid dragons
  A harpy simulacrum (D:14)
  3 nagas (Lair:4)
  9 water moccasins
  2 porcupines (Lair:2)
  A hornet zombie (D:13)
  7 ice beasts
  A necrophage (D:13)
  23 orc warriors
  A black bear (D:4)
  6 phantoms
  A sky beast (D:11)
  An eye of draining (D:8)
  15 ogres
  12 wolves (Lair:4)
  3 boggarts (D:15)
  11 centaurs
  6 crocodiles
  Blork the orc (D:6)
  2 big kobolds
  2 elf zombies (Ossuary)
  18 bullfrogs
  A water moccasin zombie (D:5)
  A water moccasin skeleton (D:6)
  A wyvern skeleton (D:12)
  A scorpion (D:8)
  9 killer bees
  13 wights
  3 howler monkeys
  An electric eel (Lair:2)
  10 crimson imps
  A quasit (D:9)
  6 jellies
  2 bullfrog zombies
  2 human zombies (Ossuary)
  31 orc priests
  5 hounds
  Crazy Yiuf (D:4)
  3 bullfrog skeletons
  3 iguanas
  Ijyb (D:3)
  Natasha (D:2)
  32 orc wizards
  36 worker ants
  2 big kobold zombies (Ossuary)
  A hound skeleton (D:8)
  3 mummies
  Robin (D:1)
  18 adders
  2 shadow imps
  2 white imps (Lair:5)
  An ooze (D:2)
  2 adder zombies (Ossuary)
  3 adder skeletons
  3 worms
  2 dart slugs
  6 leopard geckos
  58 orcs
  3 ball pythons
  4 giant cockroaches
  18 goblins
  6 hobgoblins
  10 jackals
  17 kobolds
  7 quokkas
  10 bats
  6 frilled lizards
  2 gnoll zombies (D:5)
  A goblin zombie (Ossuary)
  11 hobgoblin zombies (Ossuary)
  8 kobold zombies (Ossuary)
  7 orc zombies (Ossuary)
  3 rats
  2 rat zombies (Ossuary)
  A foxfire (Lair:4)
  3 plants (D:10)
751 creatures vanquished.

Vanquished Creatures (collateral kills)
  2 merfolk impalers (Shoals:2)
  A catoblepas (Shoals:2)
  A harpy (Shoals:1)
  A merfolk siren (Shoals:2)
  A merfolk (Shoals:3)
  A snapping turtle (Shoals:2)
  An orc (Orc:2)
8 creatures vanquished.

Vanquished Creatures (others)
  A human (Shoals:1)
  An orc (D:13)
  5 blocks of ice (Shoals:1)
  402 foxfires
  21 plants
430 creatures vanquished.

Grand Total: 1189 creatures vanquished

Notes
Turn   | Place    | Note
-------+----------+-------------------------------------------
     0 | D:1      | MordorOrchid the Gnoll Wanderer began the quest for the
                  | Orb.
     0 | D:1      | MordorOrchid set off with the following items: a +0
                  | shortbow, a +2 leather armour, 28 arrows, a scroll of
                  | teleportation, a +0 dagger, a ration
     0 | D:1      | Reached XP level 1. HP: 20/20 MP: 2/2
   101 | D:1      | Reached XP level 2. HP: 26/26 MP: 3/3
   590 | D:2      | Reached XP level 3. HP: 31/31 MP: 4/4
   667 | D:2      | Reached skill level 1 in Invocations
   707 | D:2      | Noticed Robin
   741 | D:2      | Found a shadowy altar of Dithmenos.
   833 | D:1      | Killed Robin
   833 | D:1      | Reached skill level 1 in Short Blades
   833 | D:1      | Reached skill level 1 in Long Blades
   833 | D:1      | Reached skill level 1 in Axes
   833 | D:1      | Reached skill level 1 in Maces & Flails
   833 | D:1      | Reached skill level 1 in Polearms
   833 | D:1      | Reached skill level 1 in Staves
   833 | D:1      | Reached skill level 1 in Slings
   833 | D:1      | Reached skill level 1 in Crossbows
   833 | D:1      | Reached skill level 1 in Throwing
   833 | D:1      | Reached skill level 1 in Shields
   833 | D:1      | Reached skill level 1 in Unarmed Combat
   833 | D:1      | Reached skill level 1 in Spellcasting
   833 | D:1      | Reached XP level 4. HP: 23/38 MP: 4/6
  1006 | D:2      | Noticed Natasha
  1014 | D:2      | Killed Natasha
  1014 | D:2      | Reached skill level 1 in Conjurations
  1014 | D:2      | Reached skill level 1 in Hexes
  1014 | D:2      | Reached skill level 1 in Charms
  1014 | D:2      | Reached skill level 1 in Summonings
  1014 | D:2      | Reached skill level 1 in Necromancy
  1014 | D:2      | Reached skill level 1 in Translocations
  1014 | D:2      | Reached skill level 1 in Transmutations
  1014 | D:2      | Reached skill level 1 in Fire Magic
  1014 | D:2      | Reached skill level 1 in Ice Magic
  1014 | D:2      | Reached skill level 1 in Air Magic
  1014 | D:2      | Reached skill level 1 in Earth Magic
  1014 | D:2      | Reached skill level 1 in Poison Magic
  1014 | D:2      | Reached XP level 5. HP: 37/43 MP: 7/7
  1084 | D:2      | Found a snail-covered altar of Cheibriados.
  1087 | D:2      | Found a sacrificial altar of Ru.
  1087 | D:2      | Found a hide-covered altar of Uskayaw.
  1323 | D:3      | Noticed Ijyb
  1341 | D:3      | Killed Ijyb
  2040 | D:4      | Reached XP level 6. HP: 50/50 MP: 8/8
  2076 | D:4      | Noticed a phantom
  2098 | D:4      | Killed a phantom
  2098 | D:4      | Reached skill level 5 in Fighting
  2098 | D:4      | Reached skill level 5 in Bows
  2098 | D:4      | Reached skill level 5 in Armour
  2170 | D:4      | Noticed a black bear
  2176 | D:4      | Killed a black bear
  2176 | D:4      | Reached XP level 7. HP: 50/56 MP: 10/10
  2230 | D:4      | Got an iridescent mace
  2232 | D:4      | Found a runed translucent door.
  2233 | D:4      | Noticed Crazy Yiuf
  2241 | D:4      | Killed Crazy Yiuf
  2254 | D:4      | Identified the +9 mace "Cuptol" {drain, MP+9 SInv} (You
                  | found it on level 4 of the Dungeon)
  2330 | D:4      | Learned a level 3 spell: Conjure Flame
  2986 | D:5      | Entered Level 5 of the Dungeon
  2993 | D:5      | Found a staircase to the Ecumenical Temple.
  3020 | Temple   | Entered the Ecumenical Temple
  3031 | Temple   | Became a worshipper of Sif Muna the Loreminder
  3049 | D:5      | Learned a level 3 spell: Inner Flame
  3157 | D:5      | Found a runed translucent door.
  3157 | D:5      | Noticed whodunnit's ghost (novice GrFi)
  3209 | D:5      | Reached skill level 5 in Stealth
  3281 | D:5      | Found a basalt altar of Yredelemnul.
  3302 | D:5      | Found Perhek's General Store.
  3321 | D:5      | Reached XP level 8. HP: 63/63 MP: 11/12
  3333 | D:5      | Bought a scroll of teleportation for 36 gold pieces
  3333 | D:5      | Bought a potion of degeneration for 12 gold pieces
  3333 | D:5      | Bought a wand of disintegration (9) for 156 gold pieces
  3917 | D:6      | Found a burning altar of Makhleb.
  3953 | D:6      | Reached * piety under Sif Muna
  4508 | D:6      | Reached XP level 9. HP: 69/69 MP: 14/14
  4575 | D:6      | Noticed Blork the orc
  4581 | D:6      | Learned a level 1 spell: Foxfire
  4599 | D:6      | Killed Blork the orc
  4611 | D:6      | Found a shimmering blue altar of Sif Muna.
  5148 | D:7      | Found an opulent altar of Gozag.
  5152 | D:7      | Reached skill level 5 in Dodging
  5152 | D:7      | Reached skill level 5 in Evocations
  5424 | D:8      | Reached ** piety under Sif Muna
  5588 | D:8      | Noticed an unseen horror
  5603 | D:8      | Killed an unseen horror
  5603 | D:8      | Reached skill level 5 in Invocations
  5617 | D:8      | Reached XP level 10. HP: 58/77 MP: 17/17
  5683 | D:8      | Found a sand-covered staircase.
  5695 | Ossuary  | Entered an ossuary
  6050 | Ossuary  | Reached *** piety under Sif Muna
  6169 | Ossuary  | Learned a level 4 spell: Sticky Flame
  6383 | D:8      | Noticed an eight-headed hydra
  6403 | D:8      | Learned a level 3 spell: Tukima's Dance
  6465 | D:8      | Found a transporter.
  6465 | D:8      | Found a transporter.
  6498 | D:8      | Reached skill level 5 in Short Blades
  6498 | D:8      | Reached skill level 5 in Long Blades
  6498 | D:8      | Reached skill level 5 in Axes
  6498 | D:8      | Reached skill level 5 in Maces & Flails
  6498 | D:8      | Reached skill level 5 in Polearms
  6498 | D:8      | Reached skill level 5 in Staves
  6498 | D:8      | Reached skill level 5 in Slings
  6498 | D:8      | Reached skill level 5 in Crossbows
  6498 | D:8      | Reached skill level 5 in Throwing
  6498 | D:8      | Reached skill level 5 in Shields
  6498 | D:8      | Reached skill level 5 in Unarmed Combat
  6498 | D:8      | Reached skill level 5 in Spellcasting
  6903 | D:8      | Learned a level 5 spell: Fireball
  6925 | D:8      | Reached **** piety under Sif Muna
  6929 | D:8      | Killed an eight-headed hydra
  7167 | D:9      | Found an ancient bone altar of Kikubaaqudgha.
  7169 | D:9      | Found a blossoming altar of Fedhas.
  7284 | D:9      | Found a staircase to the Orcish Mines.
  7302 | D:9      | Found Opnak's Gadget Shop.
  7310 | D:9      | Bought a wand of paralysis (7) for 135 gold pieces
  7603 | D:10     | Entered Level 10 of the Dungeon
  7638 | D:10     | Reached XP level 11. HP: 33/84 MP: 15/19
  7682 | D:10     | Noticed an unseen horror
  7689 | D:10     | Killed an unseen horror
  7840 | D:10     | Found Doytelu's Book Shop.
  8058 | D:10     | Found a staircase to the Lair.
  8125 | D:10     | Reached skill level 5 in Conjurations
  8125 | D:10     | Reached skill level 5 in Hexes
  8125 | D:10     | Reached skill level 5 in Charms
  8125 | D:10     | Reached skill level 5 in Summonings
  8125 | D:10     | Reached skill level 5 in Necromancy
  8125 | D:10     | Reached skill level 5 in Translocations
  8125 | D:10     | Reached skill level 5 in Transmutations
  8125 | D:10     | Reached skill level 5 in Fire Magic
  8125 | D:10     | Reached skill level 5 in Ice Magic
  8125 | D:10     | Reached skill level 5 in Air Magic
  8125 | D:10     | Reached skill level 5 in Earth Magic
  8125 | D:10     | Reached skill level 5 in Poison Magic
  8160 | D:10     | Noticed a queen ant
  8209 | D:10     | Killed a queen ant
  8216 | D:10     | Reached ***** piety under Sif Muna
  8225 | D:10     | Identified Sif Muna's Grimoire of Harmful Transmigration
                  | (Sif Muna gifted it to you on level 10 of the Dungeon)
  8225 | D:10     | Received a gift from Sif Muna
  8242 | D:10     | Learned a level 3 spell: Mephitic Cloud
  8761 | Lair:1   | Entered Level 1 of the Lair of Beasts
  8991 | D:11     | Noticed a white ugly thing
  9079 | D:11     | Noticed a red ugly thing
  9092 | D:11     | Killed a red ugly thing
  9546 | Lair:1   | Reached XP level 12. HP: 52/93 MP: 9/22
  9737 | Lair:1   | Got a slimy robe
 10364 | Lair:2   | Identified the +1 robe of Ilusypni {MR+} (You found it on
                  | level 1 of the Lair of Beasts)
 10745 | Lair:2   | Found a staircase to the Shoals.
 11211 | Lair:3   | Noticed a death yak
 11211 | Lair:3   | Noticed a death yak
 11213 | Lair:3   | Noticed a death yak
 11221 | Lair:3   | Noticed a death yak
 11226 | Lair:3   | Killed a death yak
 11226 | Lair:3   | Noticed a death yak
 11271 | Lair:3   | Killed a death yak
 11283 | Lair:3   | Killed a death yak
 11285 | Lair:3   | Killed a death yak
 11285 | Lair:3   | Reached XP level 13. HP: 31/101 MP: 4/24
 11372 | Lair:3   | Received a gift from Sif Muna
 11385 | Lair:3   | Learned a level 1 spell: Confusing Touch
 11971 | Lair:4   | Found a staircase to the Snake Pit.
 12532 | Lair:5   | Noticed an ice dragon
 12616 | Lair:5   | Killed an ice dragon
 12644 | Lair:4   | Gained mutation: Potions are less effective at restoring
                  | your health. [mutagenic glow]
 12726 | Lair:1   | Lost mutation: Potions are less effective at restoring your
                  | health. [potion of mutation]
 12726 | Lair:1   | Gained mutation: Your flesh is heat resistant. (rF+)
                  | [potion of mutation]
 12726 | Lair:1   | Gained mutation: You occasionally shout uncontrollably at
                  | your foes. [potion of mutation]
 12726 | Lair:1   | Gained mutation: You evolve. [potion of mutation]
 12727 | Lair:1   | Lost mutation: You evolve. [potion of mutation]
 12727 | Lair:1   | Lost mutation: You occasionally shout uncontrollably at
                  | your foes. [potion of mutation]
 12727 | Lair:1   | Gained mutation: You are frail. (-10% HP) [potion of
                  | mutation]
 12727 | Lair:1   | Gained mutation: You have an increased reservoir of magic.
                  | (+10% MP) [potion of mutation]
 12727 | Lair:1   | Gained mutation: Your movements are slightly less
                  | encumbered by armour. (ER -2) [potion of mutation]
 12832 | D:11     | Learned a level 4 spell: Petrify
 13049 | D:11     | Identified Sif Muna's Collected Works on Cold and
                  | Protection (Sif Muna gifted it to you on level 11 of the
                  | Dungeon)
 13049 | D:11     | Received a gift from Sif Muna
 13504 | D:12     | Noticed Sonja
 13514 | D:12     | Killed Sonja
 13831 | D:12     | Reached XP level 14. HP: 98/98 MP: 14/29
 13874 | D:12     | Identified the +1 leather armour "Bautesau" {Regen+ Int+2}
 14148 | D:13     | Reached skill level 10 in Fighting
 14148 | D:13     | Reached skill level 10 in Bows
 14148 | D:13     | Reached skill level 10 in Armour
 14544 | D:13     | Got a heavily runed scale mail
 14675 | D:13     | Reached skill level 10 in Stealth
 14716 | D:13     | Identified Sif Muna's Reference Book on Unholy Conjuration
                  | (Sif Muna gifted it to you on level 13 of the Dungeon)
 14716 | D:13     | Received a gift from Sif Muna
 14934 | D:13     | Reached skill level 10 in Invocations
 15086 | D:13     | Found Juac's Antique Armour Emporium.
 15095 | D:13     | Bought a pair of embroidered gloves for 255 gold pieces
 15100 | D:13     | Bought a shimmering leather armour for 238 gold pieces
 15114 | D:13     | Identified the +2 leather armour of the Wheelwright {rElec
                  | Str+4 Slay-4} (You bought it in a shop on level 13 of the
                  | Dungeon)
 15124 | D:13     | Identified the cursed +1 scale mail of Carhimorr {+Blink
                  | Slay+3} (You found it on level 13 of the Dungeon)
 15276 | D:13     | Found a gate to the Vaults.
 15287 | D:13     | Found a runed translucent gate.
 15287 | D:13     | Noticed Dymesytif's ghost (journeyman TrWz)
 15288 | D:13     | Found a runed translucent gate.
 15289 | D:13     | Found a runed translucent gate.
 15352 | D:13     | Killed Dymesytif's ghost
 15673 | D:14     | Found Rofaebub's Gadget Emporium.
 15956 | D:14     | Found a transporter.
 15956 | D:14     | Noticed iVAG's ghost (journeyman TeCj)
 16010 | D:14     | Found a transporter.
 16098 | D:14     | Reached XP level 15. HP: 12/105 MP: 26/31
 16505 | D:15     | Entered Level 15 of the Dungeon
 16604 | D:15     | Reached skill level 10 in Dodging
 16604 | D:15     | Reached skill level 10 in Evocations
 16625 | D:15     | Received a gift from Sif Muna
 16632 | D:15     | Learned a level 4 spell: Summon Lightning Spire
 16653 | D:15     | Noticed Azrael
 16790 | Orc:1    | Entered Level 1 of the Orcish Mines
 16947 | Orc:2    | Entered Level 2 of the Orcish Mines
 17003 | Orc:2    | Found a staircase to the Elven Halls.
 17427 | Orc:2    | Identified Sif Muna's Disquisition on Creative Bewitchment
                  | (Sif Muna gifted it to you on level 2 of the Orcish Mines)
 17427 | Orc:2    | Received a gift from Sif Muna
 17982 | Orc:2    | Found Xiliucs's General Store.
 17982 | Orc:2    | Found Kutuntoz's General Store.
 17985 | Orc:2    | Found Eriebb's Magic Scroll Shoppe.
 17990 | Orc:2    | Found Judetwuc's Antique Armour Shoppe.
 18000 | Orc:2    | Bought a pair of glowing boots for 232 gold pieces
 18008 | Orc:2    | Bought a scroll of blinking for 97 gold pieces
 18008 | Orc:2    | Bought a scroll of teleportation for 39 gold pieces
 18024 | Orc:2    | Bought a scroll of acquirement for 676 gold pieces
 18276 | Shoals:1 | Entered Level 1 of the Shoals
 18637 | Shoals:1 | Noticed Kirke
 18645 | Shoals:1 | Reached skill level 10 in Short Blades
 18645 | Shoals:1 | Reached skill level 10 in Long Blades
 18645 | Shoals:1 | Reached skill level 10 in Axes
 18645 | Shoals:1 | Reached skill level 10 in Maces & Flails
 18645 | Shoals:1 | Reached skill level 10 in Polearms
 18645 | Shoals:1 | Reached skill level 10 in Staves
 18645 | Shoals:1 | Reached skill level 10 in Slings
 18645 | Shoals:1 | Reached skill level 10 in Crossbows
 18645 | Shoals:1 | Reached skill level 10 in Throwing
 18645 | Shoals:1 | Reached skill level 10 in Shields
 18645 | Shoals:1 | Reached skill level 10 in Unarmed Combat
 18645 | Shoals:1 | Reached skill level 10 in Spellcasting
 18646 | Shoals:1 | Killed Kirke
 18842 | Shoals:2 | Found a flickering gateway to a bazaar.
 18867 | Shoals:2 | Noticed Frances
 18875 | Shoals:2 | Killed Frances
 18911 | Shoals:2 | HP: 5/106 [alligator snapping turtle (27)]
 19106 | Shoals:2 | Noticed Ilsuiw
 19121 | Shoals:2 | Killed Ilsuiw
 19192 | Shoals:2 | Noticed Polyphemus
 19242 | Shoals:2 | Killed Polyphemus
 19246 | Shoals:2 | Reached XP level 16. HP: 31/112 MP: 22/33
 19604 | Shoals:2 | Noticed a kraken
 19642 | Shoals:2 | Identified Sif Muna's Disquisition on Displacement (Sif
                  | Muna gifted it to you on level 2 of the Shoals)
 19642 | Shoals:2 | Received a gift from Sif Muna
 19655 | Shoals:2 | Learned a level 2 spell: Blink
 19894 | Shoals:3 | HP: 5/112 [drowned by a water elemental (5)]
 19895 | Shoals:3 | Drowned by a water elemental

Levels and vault maps discovered:
D:1:      lemuel_arrival_hallway, layout_basic
D:2:      layout_rooms, lemuel_doored_altar, nicolae_overflow_hidden_temple,
          first_ration, uniq_robin, uniq_natasha
D:3:      layout_basic, minmay_misc_feat_square, hangedman_decor_growths,
          uniq_ijyb
D:4:      layout_basic, uniq_crazy_yiuf_cottage
D:5:      minmay_chambers_of_threes, layout_loops_ring,
          lemuel_zombie_altar_yredelemnul, minmay_temple_entry_statues_pillars,
          serial_shops, shop, hellmonk_ghost_happy_afterlife,
          chequers_serial_rivers_micro_e, ebering_dispersal_statue_hall,
          chequers_serial_rivers_micro_a
D:6:      layout_cave_pods, basic_altar, tgw_sif
D:7:      layout_loops_ring, basic_altar
D:8:      gammafunk_the_bubble [the_bubble_gammafunk_plus_minus], layout_basic,
          gup_ossuary_entry_pyramid
D:9:      layout_roguey, grunt_temple_overflow_growth_and_decay, orc_0_dummy,
          serial_shops, shop
D:10:     layout_roguey, dpeg_oklobed_lair, serial_shops, shop,
          zaba_antful_of_joy
D:11:     layout_cave_pods
D:12:     layout_cave_pools, uniq_sonja
D:13:     layout_long_grid, erik_vaults_2, gammafunk_ghost_hydra_chop,
          serial_shops, nicolae_shop_window_shopping, hangedman_stone_soup
D:14:     layout_roguey, grunt_decor_cap, serial_shops,
          nicolae_shop_behind_doors, gammafunk_ghost_berserking_beasts,
          chequers_jeans
D:15:     hangedman_depths_entry_try_elsewhere_first, layout_loops_ring,
          patterned_corridor, statue_in_the_mist_lemuel, serial_park_tiny_pond,
          uniq_azrael
Temple:   dshaligram_water_room_temple
Lair:1:   layout_loops_ring, st_stairs_8
Lair:2:   layout_chaotic_city, elwin_shoals_entry_rooms, grunt_megastairs_5
Lair:3:   layout_regular_city, eino_small_chamber_without_monster
Lair:4:   layout_cave_pods, guppyfry_snake_entry_island
Lair:5:   layout_regular_city, bobbens_ice_dragon_lair, serial_bayou_shore_b
Shoals:1: layout_shoals, uniq_kirke
Shoals:2: layout_shoals, serial_shops, bzr_in_the_mist, uniq_frances,
          uniq_ilsuiw, uniq_polyphemus
Shoals:3: layout_shoals, serial_shops, nicolae_shop_crystal, kb_tengu_band,
          uniq_nikola, uniq_bai_suzhen
Orc:1:    layout_caves
Orc:2:    st_orc_mages, layout_caves

Skill      XL: |  1  2  3  4  5  6  7  8  9 10 11 12 13 14 15 |
---------------+----------------------------------------------+-----
Invocations    | 1 2 3 4 5 6 7 8 9 10 11 | 11.3
Short Blades   | 1 2 3 4 5 6 7 8 9 10 | 10.4
Long Blades    | 1 2 3 4 5 6 7 8 9 10 | 10.4
Axes           | 1 2 3 4 5 6 7 8 9 10 | 10.4
Maces & Flails | 1 2 3 4 5 6 7 8 9 10 | 10.4
Polearms       | 1 2 3 4 5 6 7 8 9 10 | 10.4
Staves         | 1 2 3 4 5 6 7 8 9 10 | 10.4
Slings         | 1 2 3 4 5 6 7 8 9 10 | 10.4
Crossbows      | 1 2 3 4 5 6 7 8 9 10 | 10.4
Throwing       | 1 2 3 4 5 6 7 8 9 10 | 10.4
Shields        | 1 2 3 4 5 6 7 8 9 10 | 10.4
Unarmed Combat | 1 2 3 4 5 6 7 8 9 10 | 10.4
Spellcasting   | 1 2 3 4 5 6 7 8 9 10 | 10.4
Conjurations   | 1 2 3 4 5 6 7 8 |  8.9
Hexes          | 1 2 3 4 5 6 7 8 |  8.9
Charms         | 1 2 3 4 5 6 7 8 |  8.9
Summonings     | 1 2 3 4 5 6 7 8 |  8.9
Necromancy     | 1 2 3 4 5 6 7 8 |  8.9
Translocations | 1 2 3 4 5 6 7 8 |  8.9
Transmutations | 1 2 3 4 5 6 7 8 |  8.9
Fire Magic     | 1 2 3 4 5 6 7 8 |  8.9
Ice Magic      | 1 2 3 4 5 6 7 8 |  8.9
Air Magic      | 1 2 3 4 5 6 7 8 |  8.9
Earth Magic    | 1 2 3 4 5 6 7 8 |  8.9
Poison Magic   | 1 2 3 4 5 6 7 8 |  8.9
Dodging        | 3 4 5 6 7 8 9 10 | 10.8
Evocations     | 3 4 5 6 7 8 9 10 | 10.8
Fighting       | 5 6 7 8 9 10 11 | 11.3
Bows           | 5 6 7 8 9 10 11 | 11.3
Armour         | 5 6 7 8 9 10 11 | 11.3
Stealth        | 5 6 7 8 9 10 11 | 11.2

Action                   |  1- 3 |  4- 6 |  7- 9 | 10-12 | 13-15 | 16-18 || total
-------------------------+-------+-------+-------+-------+-------+-------++-------
Melee: Dagger            |     9 |    59 |     9 |       |     7 |       ||    84
       Bite              |       |     7 |    24 |    70 |    45 |     2 ||   148
       Punch             |       |     1 |     6 |    17 |    23 |     2 ||    49
       Mace              |       |       |   151 |   505 |   345 |    19 ||  1020
       Shortbow          |       |       |     2 |       |     1 |       ||     3
       Unarmed           |       |       |       |     7 |       |       ||     7
       Short sword       |       |       |       |       |    59 |    13 ||    72
 Fire: Shortbow          |    66 |   119 |   131 |   228 |   509 |    77 ||  1130
       Hunting sling     |       |     6 |       |       |       |       ||     6
Throw: Stone             |       |     2 |       |     5 |       |       ||     7
       Dart              |       |       |     2 |     6 |     1 |       ||     9
       Boomerang         |       |       |       |       |     6 |       ||     6
 Cast: Foxfire           |       |       |     6 |    73 |   152 |     1 ||   232
       Conjure Flame     |       |       |     5 |    35 |    24 |       ||    64
       Fireball          |       |       |       |     3 |    78 |     5 ||    86
       Mephitic Cloud    |       |       |       |    28 |    92 |     3 ||   123
       Sticky Flame      |       |       |       |    30 |    70 |     2 ||   102
       Hydra Form        |       |       |       |     1 |       |       ||     1
       Petrify           |       |       |       |       |    11 |     4 ||    15
       Inner Flame       |       |       |       |       |     2 |       ||     2
       Summon Lightning  |       |       |       |       |     8 |     7 ||    15
       Glaciate          |       |       |       |       |     2 |       ||     2
       Confusing Touch   |       |       |       |       |     2 |       ||     2
Invok: Divine Exegesis   |       |       |       |     1 |     2 |       ||     3
       Channel Magic     |       |       |       |       |     3 |       ||     3
 Abil: Stop Flying       |       |       |       |       |     1 |       ||     1
       Evoke Flight      |       |       |       |       |     1 |       ||     1
Evoke: Wand              |       |       |     4 |    11 |    45 |     3 ||    63
  Use: Scroll            |       |     7 |     7 |    11 |    18 |     1 ||    44
       Potion            |       |     1 |     2 |     5 |     5 |     1 ||    14
 Stab: Sleeping          |       |     1 |     4 |     7 |     7 |       ||    19
       Distracted        |       |       |     1 |       |       |       ||     1
       Confused          |       |       |       |    17 |    49 |     2 ||    68
       Paralysed         |       |       |       |       |     3 |       ||     3
       Petrified         |       |       |       |       |     3 |       ||     3
  Eat: Chunk             |       |     4 |    11 |    19 |    47 |     4 ||    85
       Ration            |       |       |       |     3 |     3 |       ||     6
Armor: Leather armour    |     2 |    32 |    60 |   124 |    52 |       ||   270
       Acid dragon scale |       |       |       |       |    94 |       ||    94
       Quicksilver drago |       |       |       |       |    11 |    31 ||    42
Dodge: Dodged            |    19 |    64 |   119 |   367 |   497 |    89 ||  1155
       Deflected         |       |       |       |       |     7 |     1 ||     8

Table legend:
 A = Non-vault XP
 B = Vault XP
 C = Vault XP percentage of total XP
 D = Non-vault monster count
 E = Vault monster count
 F = Vault count percentage of total count
                 A         B        C        D         E       F
            +---------+---------+-------+---------+---------+-------
      Total |   98074 |   41439 |  29.7 |     554 |     201 |  26.6
            +---------+---------+-------+---------+---------+-------
        D:1 |      30 |      17 |  36.2 |      17 |       2 |  10.5
        D:2 |      76 |      56 |  42.4 |      19 |      12 |  38.7
        D:3 |      55 |      36 |  39.6 |      19 |       1 |   5.0
        D:4 |     634 |      39 |   5.8 |      25 |       1 |   3.8
        D:5 |     646 |     446 |  40.8 |      10 |      12 |  54.5
        D:6 |     813 |     100 |  11.0 |      20 |       1 |   4.8
        D:7 |     747 |       0 |   0.0 |      14 |       0 |   0.0
        D:8 |    1761 |    1943 |  52.5 |      23 |      13 |  36.1
        D:9 |    1211 |       0 |   0.0 |      15 |       0 |   0.0
       D:10 |    3822 |    2410 |  38.7 |      29 |      31 |  51.7
       D:11 |    6431 |       0 |   0.0 |      27 |       0 |   0.0
       D:12 |    7437 |     795 |   9.7 |      47 |       1 |   2.1
       D:13 |   10106 |   12122 |  54.5 |      46 |      15 |  24.6
       D:14 |    8383 |       0 |   0.0 |      32 |       0 |   0.0
       D:15 |    2965 |       0 |   0.0 |       9 |       0 |   0.0
     Lair:1 |    4030 |     232 |   5.4 |      15 |       2 |  11.8
     Lair:2 |    5461 |     454 |   7.7 |      24 |       2 |   7.7
     Lair:3 |    7664 |       0 |   0.0 |      19 |       0 |   0.0
     Lair:4 |    8387 |     470 |   5.3 |      31 |       3 |   8.8
     Lair:5 |     777 |    1068 |  57.9 |       4 |       3 |  42.9
   Shoals:1 |    6244 |    2036 |  24.6 |      14 |       3 |  17.6
   Shoals:2 |   13617 |   12556 |  48.0 |      29 |      11 |  27.5
   Shoals:3 |    2473 |       0 |   0.0 |       5 |       0 |   0.0
      Orc:1 |    1488 |     350 |  19.0 |      33 |       5 |  13.2
      Orc:2 |    2816 |    5913 |  67.7 |      28 |      44 |  61.1
    Ossuary |       0 |     396 | 100.0 |       0 |      39 | 100.0
            +---------+---------+-------+---------+---------+-------
